 Dungeon Crawl Stone Soup version 0.31-a0-187-gba352fbbf7 (webtiles) character file.

Game seed: 15749333679539740453

81 qw the Shooter (level 4, 0/25 HPs)
             Began as a Deep Elf Hunter on June 22, 2023.
             Killed from afar by Sigmund (9 damage)
             ... with a puff of flame
             ... on level 2 of the Dungeon.
             The game lasted 00:00:36 (1535 turns).

qw the Shooter (Deep Elf Hunter)                    Turns: 1535, Time: 00:00:37

Health: 0/25       AC:  6    Str: 10    XL:     4   Next: 20%
Magic:  6/6        EV: 11    Int: 14    God:
Gold:   107        SH:  0    Dex: 18    Spells: 3/3 levels left

rFire   . . .        Y - +0 shortbow
rCold   . . .        (shield currently unavailable)
rNeg    . . .        f - +0 ring mail
rPois   .            (no helmet)
rElec   .            (no cloak)
rCorr   .            g - +0 pair of gloves
SInv    .            (no boots)
Will    .....        (no amulet)
Stlth   +            (no ring)
HPRegen 0.24/turn    (no ring)
MPRegen 0.10/turn

%: no passive effects
@: no status effects
A: no striking features
a: no special abilities


You were on level 2 of the Dungeon.
You visited 1 branch of the dungeon, and saw 2 of its levels.

You collected 107 gold pieces.


   Skills:
 - Level 1.5 Fighting
 + Level 7.6 Ranged Weapons
 - Level 2.4 Dodging
 - Level 1.2 Stealth


You had 3 spell levels left.
You didn't know any spells.
Your spell library was empty.

Inventory:

Hand Weapons
 Y - a +0 shortbow (weapon)
Armour
 f - a +0 ring mail (worn)
 g - a +0 pair of gloves (worn)
Scrolls
 k - 3 scrolls of teleportation
Potions
 b - a potion of degeneration {unknown}
 d - a potion of brilliance {unknown}
 h - 2 potions of curing {unknown}

Dungeon Overview and Level Annotations

Branches:
Dungeon (2/15)

Altars:
Zin

Annotations:
D:2 Sigmund


Message History

Enter note:
Enter note:
Enter note:
Enter note:
Enter note:
Enter note:
Enter note: You shoot an arrow.
The arrow hits Sigmund.
Sigmund is moderately wounded.
Sigmund hits you from afar with a +0 scythe!
You shoot an arrow.
The arrow hits Sigmund but does no damage.
Sigmund is moderately wounded.
You shoot an arrow. The arrow hits Sigmund.
Sigmund is moderately wounded.
Sigmund hits you but does no damage.
You shoot an arrow. The arrow hits Sigmund.
Sigmund is heavily wounded.
Sigmund zaps a wand.
The puff of flame hits you.
You shoot an arrow. The arrow hits Sigmund.
Sigmund is heavily wounded.
Sigmund hits you from afar with a +0 scythe.
Enter note:
Enter note:
Enter note:
Enter note:
Enter note:
Enter note:
Enter note:
Enter note:
Enter note:
Enter note:
Enter note:
Enter note:
1535 ||| READING scroll labelled REPUDGH VEOKLULEPT.
As you read the scroll labelled REPUDGH VEOKLULEPT, it crumbles to dust.
It is a scroll of identify.
Really abort (and waste the scroll)?
Sigmund zaps a wand.
The puff of flame hits you!
You die...

#.####.###########.##.#
####### #.#
##.#...........##.###......
#.#
#..........................
#.#
#.....#####.#.###.....#..#.
#.###.#####
#.#............#. #.....#
#.#.#######......
###############.#.# #.##.#.
.........### #.##.#.
####...@## ######.##.#.
#.....@............#.
#....#######..##...#.
#....# ##.# #.#... #....#
#.. ##.#### #....#
#.##....... #....#
#.##.#.#### #....# #.##.#.#
# #....# ##.##.#.#


You could see Sigmund.

Vanquished Creatures
  3 adders (D:2)
  2 dart slugs (D:1)
  A worm (D:2)
  A ball python (D:1)
  4 bats
  4 endoplasms
  2 giant cockroaches
  3 hobgoblins (D:2)
  4 jackals (D:1)
  3 kobolds (D:1)
  4 quokkas
  3 frilled lizards
  3 goblins (D:1)
  7 rats
44 creatures vanquished.

Notes
Turn   | Place    | Note
-------+----------+-------------------------------------------
     0 | D:1      | qw the Deep Elf Hunter began the quest for the Orb.
     0 | D:1      | Reached XP level 1. HP: 12/12 MP: 3/3
     0 | D:1      | 0 ||| qw: Version: 0.3-a-9-g12657ce
     0 | D:1      | 0 ||| qw: Game counter: 1986
     0 | D:1      | 0 ||| qw: Always use a shield: true
     0 | D:1      | 0 ||| qw: God list: Okawaru
     0 | D:1      | 0 ||| qw: Allow faded altars: false
     0 | D:1      | 0 ||| qw: Do Orc after D:15 true
     0 | D:1      | 0 ||| qw: Do second Lair branch before Depths: true
     0 | D:1      | 0 ||| qw: Lair rune preference: random
     0 | D:1      | 0 ||| qw: Plans: Normal
     0 | D:1      | 0 ||| PLANNING D:1-11
   103 | D:1      | 103 ||| Stepping ~*~*~tactically~*~*~ (outnumbered).
   108 | D:1      | Reached skill level 6 in Ranged Weapons
   108 | D:1      | Reached XP level 2. HP: 11/16 MP: 4/4
   389 | D:1      | Reached XP level 3. HP: 17/20 MP: 5/5
   757 | D:1      | 757 ||| UPGRADING to +0 ring mail.
   767 | D:1      | 767 ||| DROPPING +0 leather armour.
   768 | D:1      | 768 ||| UPGRADING to +0 pair of gloves.
   773 | D:1      | 773 ||| READING 2 scrolls labelled YNUCAXK OCZET.
   774 | D:1      | 774 ||| READING scroll labelled YQYIKHL HIKHLOR.
   810 | D:1      | 810 ||| READING scroll labelled DUEMIE WUJED.
   811 | D:1      | 811 ||| READING 3 scrolls labelled FEHYNGAHUE.
   816 | D:1      | 816 ||| DROPPING scroll of fear.
   817 | D:1      | 817 ||| DROPPING scroll of butterflies.
   839 | D:2      | 839 ||| STAIRDANCE
   895 | D:2      | Found a glowing silver altar of Zin.
  1122 | D:2      | Reached skill level 7 in Ranged Weapons
  1474 | D:2      | Reached XP level 4. HP: 25/25 MP: 6/6
  1529 | D:2      | Noticed Sigmund
  1535 | D:2      | 1535 ||| READING scroll labelled REPUDGH VEOKLULEPT.
  1535 | D:2      | Killed from afar by Sigmund

Levels and vault maps discovered:
D:1:      saegor_arrival_simple_c, layout_loops_ring
D:2:      layout_basic, basic_altar, uniq_sigmund

Skill      XL: |  1  2  3 |
---------------+----------+-----
Ranged Weapons | 6 7 |  7.6
Fighting       | |  1.5
Dodging        | |  2.4
Stealth        | |  1.2

Action                     |  1- 3 |  4- 6 || total
---------------------------+-------+-------++-------
   Fire: Shortbow          |   132 |     9 ||   141
    Use: Scroll            |     4 |     1 ||     5
 Armour: Leather armour    |    11 |       ||    11
         Ring mail         |     5 |     1 ||     6
  Dodge: Dodged            |    34 |       ||    34

Table legend:
 A = Non-vault XP
 B = Vault XP
 C = Vault XP percentage of total XP
 D = Non-vault monster count
 E = Vault monster count
 F = Vault count percentage of total count
                 A         B        C        D         E       F
            +---------+---------+-------+---------+---------+-------
      Total |     117 |       0 |   0.0 |      44 |       0 |   0.0
            +---------+---------+-------+---------+---------+-------
        D:1 |      53 |       0 |   0.0 |      28 |       0 |   0.0
        D:2 |      64 |       0 |   0.0 |      16 |       0 |   0.0
            +---------+---------+-------+---------+---------+-------
